Unix NetHack Version 3.7.0-89 Work-in-progress - last build Sep 7 2023 15:16:41 (8494bff02b67719303c47e298deaa89034127798,branch:master). Game began 2023-09-10 15:01:08, ended 2023-09-10 15:42:50. grux, lawful female human Valkyrie ---- |..-- | -----...| .--- --.|.....| --..... -- |........--...^- --..h.... -----.).s..)))....- -...................G.S@...`.......| |........... -- ---...----(....-- | |..-- --....| |.*| ..--- ---- --- Grux the Fighter St:18/01 Dx:12 Co:16 In:8 Wi:12 Ch:9 Lawful S:2805 Dlvl:8 $:55 HP:0(47) Pw:19(19) AC:-3 Xp:6/595 T:4639 Latest messages: You are almost hit by the 2nd crossbow bolt. You see here a gnome lord corpse. There is a gnome lord corpse here; eat it? [ynq] (n) y This gnome lord corpse is gamey. You stop eating the gnome lord corpse. There is a partly eaten gnome lord corpse here; eat it? [ynq] (n) y You resume your meal. The gnome shoots 2 crossbow bolts! The 1st crossbow bolt misses you. You stop eating the gnome lord corpse. The 2nd crossbow bolt misses you. The gnome wields a crossbow! You hear a chugging sound. Suddenly, the gnome disappears out of sight. There is a partly eaten gnome lord corpse here; eat it? [ynq] (n) y You resume your meal. You stop eating the gnome lord corpse. There is a partly eaten gnome lord corpse here; eat it? [ynq] (n) y You resume your meal. You stop eating the gnome lord corpse. There is a partly eaten gnome lord corpse here; eat it? [ynq] (n) y You resume your meal. You stop eating the gnome lord corpse. The gnome zaps himself with a balsa wand! The gnome turns into an iguana! The iguana drops a crossbow. The gnome shoots 2 crossbow bolts! The 1st crossbow bolt misses you. The 2nd crossbow bolt misses you. The giant spider bites! The giant spider bites! The giant spider misses! You hit the iguana! The giant spider misses! The iguana misses! You hit the iguana! The giant spider bites! You kill the iguana! The giant spider misses! The snake misses! The giant spider misses! R - a wand of polymorph. S - a white gem. The snake bites! The snake's bite was poisoned! The giant spider bites! The giant spider's bite was poisoned! You die... Do you want your possessions identified? [ynq] (y) y Do you want to see your attributes? [ynq] (y) q Inventory: Coins $ - 55 gold pieces Weapons b - a +0 dagger (at the ready) B - a +0 dagger a - a +1 spear (weapon in hand) Armor f - an uncursed +0 orcish helm (being worn) q - an uncursed rotted +0 pair of leather gloves (being worn) z - an uncursed +0 pair of iron shoes (being worn) c - an uncursed +3 small shield (being worn) i - a cursed -1 alchemy smock with text "I'm making SCIENCE!" x - an uncursed +0 cloak of invisibility s - an uncursed +1 chain mail (being worn) Comestibles v - an uncursed banana d - an uncursed food ration K - 2 uncursed fortune cookies r - an uncursed tripe ration Scrolls l - an uncursed scroll of earth m - a cursed scroll of fire u - an uncursed scroll of light F - an uncursed scroll of magic mapping g - an uncursed scroll of teleportation Potions o - an uncursed potion of gain ability j - an uncursed potion of sleeping w - an uncursed potion of speed L - a potion of unholy water Rings M - an uncursed ring of sustain ability Wands R - a wand of polymorph (0:5) Tools e - an uncursed magic whistle h - an uncursed skeleton key p - an uncursed towel Gems/Stones n - 2 uncursed worthless pieces of blue glass k - 2 cursed worthless pieces of red glass D - an uncursed worthless piece of violet glass I - 2 uncursed worthless pieces of white glass S - an uncursed worthless piece of white glass G - 2 uncursed worthless pieces of yellowish brown glass Grux the Valkyrie's attributes: Background: You were a Fighter, a level 6 human Valkyrie. You were lawful, on a mission for Tyr who was opposed by Odin (neutral) and Loki (chaotic). You were in the Gnomish Mines, on level 8. You entered the dungeon 4639 turns ago. You had 595 experience points, 45 more were needed to attain level 7. Your score was 2805 before end-of-game adjustments. Basics: You had 0 out of 47 hit points. You had all 19 energy points (spell power). Your armor class was -3. Your wallet contained 55 zorkmids. Autopickup was on for '$' plus thrown. Final Characteristics: Your strength was 18/01 (peak:18/04, limit:18/100). Your dexterity was 12 (peak:13, limit:18). Your constitution was 16 (limit:18). Your intelligence was 8 (limit:18). Your wisdom was 12 (limit:18). Your charisma was 9 (limit:18). Final Status: You were not hungry. You were unencumbered. You were wielding a spear. You had basic skill with spear and could have enhanced that. Final Attributes: You were piously aligned. You were cold resistant. You were stealthy. You were warded. You were lucky. You are dead. Miscellaneous: You never encountered a bones level. Total elapsed playing time was 41 minutes and 41 seconds. Major events: Turn 1: grux the lawful human Valkyrie entered the dungeon 1935: attained the rank of Skirmisher (level 3) 1992: entered the Gnomish Mines 3570: attained the rank of Fighter (level 6) 4111: reached Mine Town 4639: killed by a giant spider Vanquished creatures: 2 brown puddings a lizard an ape an imp a pony a shrieker 3 gnome leaders a gnomish wizard a giant ant a little dog a floating eye 3 dwarves an orc zombie a wererat 3 iguanas 2 killer bees an acid blob a gas spore 3 manes 2 giant rats a brown mold 25 gnomes 4 garter snakes a gnome zombie 5 geckos 2 jackals 2 goblins 2 sewer rats 8 grid bugs 5 lichens a kobold zombie 5 newts 92 creatures vanquished. No species were genocided or became extinct. Voluntary challenges: You read items or engraved 1 time. You never engraved Elbereth. You never genocided any monsters. You never polymorphed an object. You never changed form. You used no wishes. Achievements: You entered a shop. You attained the rank of Skirmisher. You entered the Gnomish Mines. You attained the rank of Fighter. You entered Minetown. You entered a temple. The Dungeons of Doom: levels 1 to 4 Level 1: An altar to Tyr, a fountain. Level 2: A fountain. Level 3: Many fountains, a grave. Level 4: A general store. Stairs down to The Gnomish Mines. The Gnomish Mines: levels 5 to 8 Level 5: Level 6: Level 7: A general store, a temple to Tyr, some fountains. Level 8: <- You were here. Final resting place for you, killed by a giant spider. Game over: ---------- / \ / REST \ / IN \ / PEACE \ / \ | grux | | 55 Au | | killed by a | | giant spider | | | | | | 2023 | *| * * * | * _________)/\\_//(\/(/\)/\//\/|_)_______ Farvel grux the Valkyrie... You died in The Gnomish Mines on dungeon level 8 with 2800 points, and 55 pieces of gold, after 4639 moves. You were level 6 with a maximum of 47 hit points when you died.